Description

.

Replay - LiquidTaeJa v TSGTYTY - Ephemeron LE

Build Order

Get SALT Encoding   

  12  0:00  SCV  
  13  0:12  SCV  
  14  0:17  Supply Depot  
  14  0:24  SCV  
  14  0:27  Refinery  
  15  0:38  SCV  
  16  0:44  Barracks  
  16  0:50  SCV  
  17  1:02  SCV  
  18  1:14  SCV  
  19  1:31  Reaper, Orbital Command  
  20  1:45  Command Center  
  20  1:52  Factory  
  20  1:57  SCV  
  21  2:05  Barracks Reactor  
  21  2:06  Supply Depot  
  21  2:09  SCV  
  21  2:14  Refinery  
  22  2:21  SCV  
  24  2:44  Hellion x2  
  26  2:45  Starport  
  29  2:56  Barracks Tech Lab  
  30  3:03  Orbital Command  
  32  3:05  Hellion x2  
  38  3:27  Hellion, Raven  
  38  3:31  Supply Depot  
  40  3:35  Hellion  
  44  3:45  Refinery  
  46  3:59  Supply Depot  
  46  4:00  Marine x2  
  46  4:01  Factory Tech Lab  
  50  4:11  Raven  
  51  4:18  Marine x2  
  49  4:27  Siege Tank  
  51  4:36  Marine x2  
  50  4:43  Command Center  
  54  5:02  Barracks x2  
  54  5:03  Refinery  
  54  5:05  Starport Reactor, Siege Tank  
  59  5:10  Stimpack  
  60  5:15  Supply Depot  
  60  5:23  Engineering Bay x2  
  62  5:36  Marine  
  62  5:40  Siege Tank  
  68  5:48  Starport Reactor  
  68  5:49  Marine x2  
  71  5:54  Terran Infantry Weapons Level 1, Marine, Terran Infantry Armor Level 1  
  72  5:57  Orbital Command  
  82  6:20  Orbital Command  
  82  6:21  Missile Turret x2  
  82  6:30  Medivac x2  
  89  6:37  Siege Tank  
  96  6:49  Combat Shield  
  101  6:57  Armory x2  
  101  7:08  Medivac x2  
  109  7:42  Barracks x2  
  109  7:48  Terran Infantry Armor Level 2  
  109  7:49  Command Center  
  117  7:57  Viking x2  
  121  8:00  Siege Tank  
  121  8:03  Refinery  
  125  8:11  Terran Vehicle Weapons Level 1  
  125  8:12  Terran Infantry Weapons Level 2  
  128  8:24  Refinery  
  128  8:25  Factory  
  130  8:30  Barracks Reactor  
  130  8:31  Viking x2  
  142  8:55  Sensor Tower  
  146  8:56  Barracks Reactor x2  
  146  9:01  Viking x2  
  151  9:12  Siege Tank x2  
  157  9:17  Planetary Fortress  
  157  9:20  Refinery x2  
  165  9:36  Viking  
  174  9:49  Viking  
  176  9:56  Sensor Tower, Siege Tank  
Spawning Tool Build Advisor. Get it on Overwolf

Go to:

Details

  • Created by: Luye
  • Published on: Feb 01, 2020
  • Modified on: Feb 01, 2020
  • Patch: 4.11.0
Show
View Real Time Build Order
Export as new Build Order

Comments (0)

There are no comments. Be the first!

Create an account to comment!